 Dungeon Crawl Stone Soup version 0.27-a0-1200-g94dc6ad4cf (webtiles) character file.

Game seed: 8311349323639572945

1715 27snakeeyes612 the Cudgeller (level 9, -10/54 HPs)
             Began as a Gargoyle Fighter on May 31, 2021.
             Was a Follower of Okawaru.
             Mangled by an orc warrior
             ... wielding a +0 halberd
              (21 damage)
             ... in a bailey.
             The game lasted 00:06:23 (8156 turns).

27snakeeyes612 the Cudgeller (Gargoyle Fighter)     Turns: 8156, Time: 00:06:24

Health: -10/54     AC: 21    Str: 29    XL:     9   Next: 4%
Magic:  9/9        EV:  6    Int:  9    God:    Okawaru [*.....]
Gold:   344        SH: 11    Dex:  9    Spells: 8/8 levels left

rFire    . . .     SeeInvis .   H - +4 flail
rCold    . . .     Faith    .   c - +0 kite shield
rNeg     + . .     Spirit   .   B - +1 plate armour
rPois    ∞         Reflect  .   (no helmet)
rElec    +         Harm     .   (no cloak)
rCorr    .         Rampage  .   n - +0 pair of gloves
Will     +....                  (no boots)
Stlth    ..........             (no amulet)
HPRegen  0.18/turn              u - ring of willpower
MPRegen  0.11/turn              E - +6 ring of strength

@: no status effects
A: sickness immunity, AC +6, negative energy resistance 1, electricity
resistance, torment resistance 1, petrification resistance
a: Renounce Religion, Heroism


You were in a bailey.
You worshipped Okawaru.
Okawaru was aware of your devotion.
You visited 1 branch of the dungeon, and saw 7 of its levels.
You also visited: Bailey.

You collected 383 gold pieces.
You spent 39 gold pieces at shops.

Inventory:

Hand Weapons
 a - a +0 flail
 H - a +4 flail (weapon)
Missiles
 s - 2 atropa-tipped darts
 A - a throwing net
Armour
 b - a +0 scale mail
 c - a +0 kite shield (worn)
 n - a +0 pair of gloves (worn)
 B - a +1 plate armour (worn)
Jewellery
 i - an amulet of magic regeneration
 k - a ring of willpower
 p - a +6 ring of dexterity
 q - the ring "Vesel" {Fire rElec rN++}
   (You found it on level 6 of the Dungeon)

   [ring of fire]

   It enhances your fire magic.
   It protects you from fire.
   It makes you vulnerable to cold.
   It insulates you from electricity.
   It greatly protects you from negative energy.
 u - a ring of willpower (left hand)
 E - a +6 ring of strength (right hand)
Wands
 r - a wand of acid (11)
 C - a wand of paralysis (8) (quivered)
Scrolls
 e - a scroll of amnesia {unknown}
 f - a scroll of vulnerability
 g - 2 scrolls of holy word {unknown}
 h - a scroll of noise
 j - a scroll of summoning
 o - 2 scrolls of magic mapping
 w - 2 scrolls of teleportation
Potions
 d - 2 potions of haste
 l - 3 potions of curing
 m - 3 potions of invisibility
 t - 2 potions of berserk rage
 x - a potion of resistance {unknown}
 z - a potion of attraction {unknown}
 D - 5 potions of degeneration
 F - a potion of lignification {unknown}
 G - a potion of brilliance {unknown}


   Skills:
 + Level 5.3 Fighting
 + Level 7.5 Maces & Flails
 + Level 6.1 Armour
 + Level 1.6 Dodging
 + Level 1.9 Stealth
 + Level 6.5 Shields
 + Level 0.3 Evocations


You had 8 spell levels left.
You didn't know any spells.
Your spell library contained the following spells:

 Spells                   Type           Power      Damage    Failure   Level
 Foxfire                  Conj/Fire      0%         2x1d4     100%        1
 Freeze                   Ice            0%         1d3       100%        1
 Confusing Touch          Hex            0%         N/A       100%        3
 Conjure Flame            Conj/Fire      0%         6-21      100%        3
 Frozen Ramparts          Ice            0%         1d2       100%        3
 Gell's Gravitas          Tloc           0%         N/A       100%        3
 Inner Flame              Hex/Fire       0%         N/A       100%        3
 Ozocubu's Armour         Ice            0%         N/A       100%        3
 Hailstorm                Conj/Ice       0%         3d3       100%        4
 Petrify                  Tmut/Erth      0%         N/A       100%        4
 Sticky Flame             Conj/Fire      0%         2d3       100%        4
 Fireball                 Conj/Fire      0%         3d3       100%        5
 Metabolic Englaciation   Hex/Ice        0%         N/A       100%        5
 Yara's Violent Unravell  Hex/Tmut       0%         3d3       100%        5


Dungeon Overview and Level Annotations

Branches:
Dungeon (7/15)             Temple (0/1) D:5          Bailey (1/1)

Altars:
Cheibriados
Elyvilon
Fedhas
Okawaru
Ru
Sif Muna
Trog
Uskayaw
Vehumet
The Shining One

Shops:
D:3 (   D:6 (**


Innate Abilities, Weirdness & Mutations

You are immune to sickness and miasma.
Your stone body is resilient. (AC +6)
You are immune to poison.
You resist negative energy. (rN+)
You are resistant to electric shocks. (rElec)
You are resistant to unholy torment.
You are immune to petrification.


Message History

The orc warrior shoots a bolt.
The bolt hits you but does no damage.
The orc warrior shoots a bolt.
You block the bolt.
There is an empty arch of ancient stone here.
The orc warrior shoots a bolt.
You block the bolt.
There is a gate leading back out of this place here.
The orc warrior shoots a bolt.
The bolt hits you but does no damage.
The orc warrior hits you from afar with a +0 halberd.
The orc warrior shoots a bolt.
The bolt hits you.
The orc knight roars a battlecry!
The orc warriors go into a battle-frenzy!
You block the orc warrior's attack.
The orc warrior shoots a bolt.
You block the bolt.
You sock the orc warrior!
The orc warrior is moderately wounded.
The orc warrior hits you but does no damage.
The orc warrior shoots a bolt.
The bolt hits you but does no damage.
You hit the orc warrior.
The orc warrior is heavily wounded.
You block the orc warrior's attack.
The orc warrior shoots a bolt.
The bolt hits you!
You hit the orc warrior.
The orc warrior is heavily wounded.
You block the orc warrior's attack.
The orc warrior shoots a bolt.
You block the bolt.
You hit the orc warrior but do no damage.
The orc warrior is heavily wounded.
You block the orc warrior's attack.
The orc warrior shoots a bolt.
You block the bolt.
The orc warrior hits you but does no damage.
Your plate armour prevents you from hitting the orc warrior.
The orc warrior is heavily wounded.
The orc warrior shoots a bolt.
The bolt hits you.
The orc warrior hits you with a +0 halberd!
* * * LOW HITPOINT WARNING * * *
You thump the orc warrior!
The orc warrior is almost dead.
You block the orc warrior's attack.
The orc warrior shoots a bolt.
The bolt barely misses you.
The orc warrior hits you from afar with a +0 halberd!!
You die...

### # ##@## #
... #.∩.# ...
≈≈≈..#o..#..≈≈≈
≈o≈≈.......≈≈o≈
.oo≈.......≈oo.
≈o≈≈.......≈≈o≈
≈≈≈..#...#..≈≈≈
....##...##.o..
#### ##∩## ####


You could see 2 orc warriors.

Vanquished Creatures
  2 centaur zombies
  A water moccasin (D:6)
  2 ogres
  A phantom (D:5)
  3 scorpions (D:6)
  4 wights (D:6)
  A howler monkey (D:3)
  3 hounds
  A bullfrog skeleton (D:6)
  A jelly (D:6)
  An orc priest (D:5)
  2 bullfrog zombies
  A centaur skeleton (D:7)
  An iguana (D:6)
  An orc wizard (D:4)
  2 hound skeletons
  Robin (D:3)
  3 howler monkey skeletons
  9 gnolls
  5 adders
  2 white imps
  An ufetubus (D:4)
  4 worms
  2 dart slugs
  7 orcs
  7 ball pythons
  10 endoplasms
  3 giant cockroaches
  4 hobgoblins
  6 jackals (D:1)
  7 quokkas
  7 bats
  2 frilled lizards
  16 goblins
  10 kobolds
  3 rats
136 creatures vanquished.

Vanquished Creatures (others)
  3 plants (D:2)
3 creatures vanquished.

Grand Total: 139 creatures vanquished

Notes
Turn   | Place    | Note
-------+----------+-------------------------------------------
     0 | D:1      | 27snakeeyes612 the Gargoyle Fighter began the quest for the
                  | Orb.
     0 | D:1      | Reached XP level 1. HP: 14/14 MP: 1/1
    94 | D:1      | Reached XP level 2. HP: 6/19 MP: 2/2
   691 | D:1      | Reached XP level 3. HP: 20/23 MP: 3/3
  1152 | D:2      | Found a shimmering blue altar of Sif Muna.
  1464 | D:2      | Reached skill level 3 in Maces & Flails
  1525 | D:2      | Reached XP level 4. HP: 28/28 MP: 4/4
  2973 | D:3      | Reached skill level 1 in Dodging
  2973 | D:3      | Reached XP level 5. HP: 31/32 MP: 5/5
  3384 | D:3      | Found Tirageoff's Antique Weapon Shoppe.
  3567 | D:3      | Found a radiant altar of Vehumet.
  3608 | D:3      | Found a faded altar of an unknown god.
  3636 | D:3      | Found a snail-covered altar of Cheibriados.
  3708 | D:4      | Noticed Robin
  3894 | D:3      | Killed Robin
  3895 | D:3      | Reached XP level 6. HP: 14/38 MP: 6/6
  4187 | D:4      | Found an iron altar of Okawaru.
  4187 | D:4      | Found a bloodstained altar of Trog.
  4197 | D:4      | Became a worshipper of Warmaster Okawaru
  4422 | D:4      | Reached skill level 4 in Maces & Flails
  4630 | D:4      | Found a blossoming altar of Fedhas.
  5043 | D:5      | Entered Level 5 of the Dungeon
  5839 | D:5      | Reached XP level 7. HP: 35/43 MP: 7/7
  5911 | D:5      | Found a staircase to the Ecumenical Temple.
  5946 | D:5      | Found a sacrificial altar of Ru.
  5970 | D:5      | Found a glowing golden altar of the Shining One.
  6123 | D:5      | Reached skill level 5 in Shields
  6150 | D:5      | Reached skill level 5 in Maces & Flails
  6263 | D:5      | Reached skill level 1 in Stealth
  6295 | D:5      | Found a hide-covered altar of Uskayaw.
  6353 | D:5      | Reached * piety under Okawaru
  6354 | D:5      | Reached skill level 6 in Maces & Flails
  6354 | D:5      | Reached skill level 5 in Armour
  6354 | D:5      | Reached XP level 8. HP: 24/48 MP: 8/8
  6551 | D:5      | Found a white marble altar of Elyvilon.
  7027 | D:6      | Found Meog's Weapon Boutique.
  7058 | D:6      | Reached skill level 5 in Fighting
  7193 | D:6      | Reached skill level 7 in Maces & Flails
  7450 | D:6      | Found Peon's General Store.
  7461 | D:6      | Bought a scroll of teleportation for 39 gold pieces
  7654 | D:6      | Found Sogrics's Assorted Antiques.
  7656 | D:6      | Identified the ring "Vesel" {Fire rElec rN++}
  7861 | D:6      | Reached XP level 9. HP: 40/54 MP: 9/9
  8125 | D:7      | Found a flagged portal.
  8141 | Bailey   | Entered a bailey
  8141 | Bailey   | Noticed an orc knight
  8141 | Bailey   | Noticed an orc knight
  8156 | Bailey   | Mangled by an orc warrior

Illustrated notes

Levels and vault maps discovered:
D:1:      enne_arrival_octagon_isle, layout_loops_ring
D:2:      minmay_door_path, layout_basic, basic_altar, chequers_big_river,
          kennysheep_small_spiral
D:3:      layout_rooms, lemuel_crystal_altar, lemuel_doored_altar, serial_shops,
          shop, hellmonk_ecumenical_altar_run_dry
D:4:      layout_basic, grunt_temple_overflow_bloody_war, kennysheep_mini_moat,
          mrwooster_statue_mirror, uniq_robin
D:5:      layout_loops_ring, marbit_many_paths, nicolae_overflow_crystal_walls,
          lemuel_tele_altar, nicolae_ru_awakened_eye, minmay_temple_entry_grid,
          minmay_diced_spiral
D:6:      layout_loops_corners, serial_shops, shop_fountains, shop, shop,
          kennysheep_generic_room_14
D:7:      minmay_cornered_nines, layout_loops_ring, enter_bailey_7
Bailey:   bailey_polearm_4, bailey

Skill      XL: |  1  2  3  4  5  6  7  8 |
---------------+-------------------------+-----
Maces & Flails | 3 4 6 7 |  7.5
Shields        | 4 5 6 |  6.5
Dodging        | 1 |  1.6
Armour         | 4 5 6 |  6.1
Fighting       | 4 5 |  5.3
Stealth        | 1 |  1.9
Evocations     | |  0.3

Action                   |  1- 3 |  4- 6 |  7- 9 || total
-------------------------+-------+-------+-------++-------
Melee: Flail             |   120 |   329 |   172 ||   621
Evoke: Wand              |       |       |     3 ||     3
  Use: Potion            |     1 |     1 |       ||     2
       Scroll            |       |       |    12 ||    12
 Stab: Paralysed         |       |       |     4 ||     4
Armor: Scale mail        |    66 |   177 |       ||   243
       Plate armour      |       |       |   131 ||   131
Dodge: Dodged            |    40 |   118 |    32 ||   190
Block: Kite shield       |    63 |   223 |   128 ||   414

Table legend: (Time is in decaauts)
 A = Elapsed time spent in this place.
 B = Non-inter-level travel time spent in this place.
 C = Inter-level travel time spent in this place.
 D = Time resting spent in this place.
 E = Time spent auto-exploring this place.
 F = Levels seen in this place.
 G = Mean time per level.
                   A        B        C        D        E       F      G
               +--------+--------+--------+--------+--------+-----+--------+
         Total |   8422 |   8244 |    178 |   1482 |   5315 |   8 | 1052.8 |
       Dungeon |   8406 |   8228 |    178 |   1482 |   5315 |   7 | 1200.9 |
        Bailey |     15 |     15 |      0 |      0 |      0 |   1 |   15.0 |
               +--------+--------+--------+--------+--------+-----+--------+

Top non-repeatable levels by time:
     D:2: 2082 daAuts
     D:4: 1424 daAuts
     D:6: 1298 daAuts
     D:5: 1281 daAuts
     D:1: 1181 daAuts
     D:3: 958 daAuts
     D:7: 180 daAuts
  Bailey: 15 daAuts
